 Dungeon Crawl Stone Soup version 0.23.0 (webtiles) character file.

Game seed: 10385148078468165889

56663 Jatast the Spear-Bearer (level 14, -25/135 HPs)
             Began as a Deep Dwarf Fighter on Feb 16, 2019.
             Was a High Priest of Makhleb.
             Killed from afar by a storm dragon (39 damage)
             ... with a bolt of lightning
             ... on level 12 of the Dungeon.
             The game lasted 01:02:10 (17239 turns).

Jatast the Spear-Bearer (Deep Dwarf Fighter)       Turns: 17239, Time: 01:02:10

Health: -25/135    AC: 18    Str: 24    XL:     14   Next: 42%
Magic:  5/5        EV:  8    Int: 10    God:    Makhleb [*****.]
Gold:   1190       SH: 17    Dex: 12    Spells: 13/13 levels left

rFire    + + .     SeeInvis .   a - +1 trident
rCold    . . .     Gourm    .   c - +0 shield
rNeg     + . .     Faith    .   v - +0 chain mail
rPois    .         Spirit   .   j - +2 helmet
rElec    .         Reflect  +   x - scarf {rC+ rF+}
rCorr    .         Harm     .   r - +1 pair of gloves
MR       +++..                  (no boots)
Stlth    ..........             P - +4 amulet of reflection
HPRegen  0.00/turn              A - ring of fire
MPRegen  0.09/turn              N - ring of protection from magic

@: non-regenerating
A: damage resistance, heal wounds, negative energy resistance 1, sense
surroundings 2, no regeneration
a: Heal Wounds, Minor Destruction, Lesser Servant of Makhleb, Major Destruction,
Greater Servant of Makhleb, Renounce Religion


You were on level 12 of the Dungeon.
You worshipped Makhleb.
Makhleb was extremely pleased with you.
You were not hungry.

You visited 3 branches of the dungeon, and saw 21 of its levels.
You also visited: Ossuary.

You collected 1227 gold pieces.
You spent 37 gold pieces at shops.

Inventory:

Hand Weapons
 a - a +1 trident (weapon)
Missiles
 K - 3 throwing nets
 M - 3 javelins (quivered)
Armour
 c - a +0 shield (worn)
 j - a +2 helmet (worn)
 r - a +1 pair of gloves (worn)
 v - a +0 chain mail (worn)
 x - a scarf of resistance (worn)
Jewellery
 w - an uncursed ring of fire
 A - a ring of fire (left hand)
 F - an uncursed ring of see invisible
 H - an uncursed ring of protection from cold
 N - a ring of protection from magic (right hand)
 P - a +4 amulet of reflection (around neck)
Wands
 n - a wand of paralysis (6)
 q - a wand of polymorph (3)
 s - a wand of flame (51)
 G - a wand of iceblast (4)
 O - a wand of scattershot (4)
 Q - a wand of acid (8)
Scrolls
 e - 5 scrolls of amnesia
 l - 8 scrolls of teleportation
 o - 6 scrolls of remove curse
 y - a scroll of fog
 B - 3 scrolls of enchant weapon
 D - 7 scrolls of fear
 E - 3 scrolls of magic mapping
 I - a scroll of enchant armour
 J - 9 scrolls of identify
 L - a scroll of blinking
 S - a scroll of summoning {unknown}
Potions
 b - 3 potions of cancellation
 d - 8 potions of might
 h - 3 potions of agility
 i - 2 potions of haste
 k - 3 potions of resistance
 m - 6 potions of curing
 p - 2 potions of lignification
 t - a potion of mutation
 u - 3 potions of flight
 z - 2 potions of brilliance
 C - a potion of magic
 R - a potion of invisibility
Comestibles
 f - 38 rations
 T - 8 chunks of flesh


   Skills:
 + Level 11.1 Fighting
 - Level 14.0 Polearms
 + Level 12.0 Armour
 + Level 12.0 Shields
 + Level 10.3 Invocations


You had 13 spell levels left.
You didn't know any spells.
Your spell library contained the following spells:

 Spells                   Type           Power        Failure   Level  Hunger
 Animate Skeleton         Necr           N/A          95%         1    ##.....
 Apportation              Tloc           #.....       95%         1    ##.....
 Confusing Touch          Hex            #.....       95%         1    ##.....
 Corona                   Hex            #......      95%         1    ##.....
 Freeze                   Ice            #...         95%         1    ##.....
 Magic Dart               Conj           #...         95%         1    ##.....
 Summon Small Mammal      Summ           #...         95%         1    ##.....
 Blink                    Tloc           N/A          99%         2    ###....
 Call Imp                 Summ           #.......     99%         2    ###....
 Ensorcelled Hibernation  Hex/Ice        #.....       99%         2    ###....
 Poisonous Vapours        Pois/Air       #.....       99%         2    ###....
 Shroud of Golubria       Chrm/Tloc      #.........   99%         2    ###....
 Slow                     Hex            #.......     99%         2    ###....
 Throw Frost              Conj/Ice       #.....       99%         2    ###....
 Call Canine Familiar     Summ           #.......     100%        3    ####...
 Confuse                  Hex            #.......     100%        3    ####...
 Conjure Flame            Conj/Fire      #.......     100%        3    ####...
 Dazzling Spray           Conj/Hex       #.....       100%        3    ####...
 Mephitic Cloud           Conj/Pois/Air  #.......     100%        3    ####...
 Ozocubu's Armour         Chrm/Ice       #.......     100%        3    ####...
 Summon Guardian Golem    Hex/Summ       #.......     100%        3    ####...
 Tukima's Dance           Hex            #.......     100%        3    ####...
 Summon Ice Beast         Ice/Summ       #.......     100%        4    #####..
 Summon Lightning Spire   Summ/Air       #.......     100%        4    #####..
 Throw Icicle             Conj/Ice       #.......     100%        4    #####..
 Summon Forest            Summ/Tloc      #.........   100%        5    ######.
 Freezing Cloud           Conj/Ice/Air   #.........   100%        6    #######
 Statue Form              Tmut/Erth      #........    100%        6    #######
 Ring of Flames           Chrm/Fire      #.........   100%        7    #######


Dungeon Overview and Level Annotations

Branches:
Dungeon (14/15)            Temple (1/1) D:5            Lair (6/6) D:10
 Shoals (0/4) Lair:4       Spider (0/4) Lair:2        Slime (0/5) Lair:6
    Orc (0/2) D:10
 Vaults: D:13-14

Altars:
Ashenzari
Cheibriados
Dithmenos
Elyvilon
Fedhas
Gozag
Hepliaklqana
Kikubaaqudgha
Makhleb
Nemelex Xobeh
Okawaru
Qazlal
Ru
Sif Muna
Trog
Uskayaw
Vehumet
Wu Jian
Xom
Yredelemnul
Zin
The Shining One
Jiyva

Shops:
D:6 *   D:9 ?

Annotations:
D:4 Blork the orc
D:6 exclusion: 3 doors
Lair:4 exclusion: 4 oklob plants


Innate Abilities, Weirdness & Mutations

You are resistant to damage.
You can heal yourself by infusing magical energy.
You resist negative energy. (rN+)
You passively map the area around you.
You do not regenerate.


Message History

You impale the storm dragon!!
The storm dragon is almost dead.
Your hellwing hits the steam dragon!
Your hellwing hits the steam dragon but does no damage.
The steam dragon breathes steam at you. The ball of steam hits you. You resist.
You block the storm dragon's attack.
The storm dragon claws you but does no damage.
The storm dragon tramples you!
You hold your ground!
You closely miss the storm dragon.
The storm dragon is almost dead.
Your hellwing is engulfed in a cloud of scalding steam.
Your hellwing hits the steam dragon. x2
You hit the storm dragon.
The storm dragon is almost dead.
The storm dragon is engulfed in a cloud of scalding steam.
The storm dragon breathes lightning at you.
The bolt of lightning hits you!!!
* * * LOW HITPOINT WARNING * * *
The bolt of lightning hits you!!!
You die...

#...# .##.#*...............#,*
#...# #.##.# ...............#
....###.##.#*.8(.[........8.#,
#.....#.##.# ...............# ,
#...#....#.# #....(...)....## ,
#......#...####...8†..8...##,
#......#.....###......)..## . ,
...........#.§§###.....###...,,,
###....##..###.§@###'###...#
.......##..# ###DD§).....#, *
.......###.## ##4###........, ,
.......# #..# #.# #.#....#. ,
....#### ##.## #.# #.#.####,
....# #..# #.# #.#,# ....# ##.##
#.# #.# ....# #..# #.# #.# *
....#########.###.# #.# * ,


You could see a storm dragon, a steam dragon and a friendly hellwing.

Vanquished Creatures
  Nessos (Lair:5)
  2 dire elephants (Lair:6)
  2 hydras
  Harold (D:8)
  A catoblepas (Lair:4)
  An anaconda (Lair:6)
  3 two-headed ogres
  An ogre mage (D:12)
  A tengu warrior (D:9)
  3 skeletal warriors (D:12)
  An unseen horror (D:10)
  A lindwurm (Lair:4)
  Pikel (D:4)
  2 ugly things
  A manticore (Lair:4)
  17 elephants
  A merfolk siren (Lair:4)
  4 black mambas
  10 spiny frogs
  3 orange demons (D:10)
  2 komodo dragons
  A rime drake (Lair:4)
  A tengu conjurer (D:9)
  2 meliai (Lair:4)
  2 red devils (D:10)
  Grinder (D:4)
  3 trolls (D:11)
  3 polar bears (Lair:2)
  Prince Ribbit (D:8)
  2 hornets
  A slime creature (D:12)
  11 blink frogs
  3 dream sheep (Lair:6)
  12 hippogriffs
  27 yaks
  6 basilisks
  5 wyverns
  3 hungry ghosts
  Grum (D:8)
  4 vampire mosquitoes
  2 wargs (D:10)
  An acid dragon (D:12)
  11 water moccasins
  5 porcupines
  A hornet zombie (D:11)
  4 orc warriors
  2 slaves
  2 phantoms
  A necrophage (D:9)
  6 ice beasts
  2 sky beasts
  5 black bears
  10 wolves
  4 centaurs
  18 crocodiles
  3 big kobolds
  12 bullfrogs
  2 wyvern zombies
  44 killer bees
  11 scorpions
  4 centaur zombies
  2 howler monkeys
  4 jellies
  2 bullfrog zombies
  2 crimson imps
  2 bullfrog skeletons
  4 hounds
  A human zombie (Ossuary)
  2 orc priests (D:10)
  2 iguanas (D:10)
  7 orc wizards
  7 worker ants
  4 big kobold zombies (Ossuary)
  A hound skeleton (D:9)
  3 mummies (Ossuary)
  A worker ant zombie (D:11)
  6 adders
  7 gnolls
  3 scorpion zombies (Ossuary)
  A howler monkey skeleton (D:10)
  A shadow imp (D:7)
  An ooze (D:2)
  2 adder skeletons
  2 worms
  3 leopard geckos
  33 orcs
  8 giant cockroaches
  A gnoll zombie (Ossuary)
  7 goblins
  8 hobgoblins
  11 jackals
  11 kobolds
  4 quokkas
  3 bats
  6 frilled lizards
  3 goblin zombies (Ossuary)
  2 hobgoblin zombies (Ossuary)
  A kobold zombie (Ossuary)
  A quokka skeleton (D:4)
  A quokka zombie (D:8)
  9 rats
  A plant (Lair:6)
478 creatures vanquished.

Vanquished Creatures (collateral kills)
  2 dire elephants (Lair:6)
  The ghost of Yolobob the Spear-Bearer, a journeyman DsGl of Trog (Lair:4)
  A hydra (Lair:1)
  Erica (Lair:1)
  A catoblepas (Lair:4)
  A death yak (Lair:4)
  2 elephants
  An orange demon (D:10)
  2 komodo dragons
  A red devil (D:10)
  A meliai (Lair:4)
  A queen bee (Lair:4)
  A polar bear (Lair:2)
  A hornet (Lair:2)
  A blink frog (Lair:4)
  4 dream sheep (Lair:6)
  A basilisk (Lair:4)
  5 yaks (Lair:1)
  A water moccasin (Lair:6)
  3 black bears (Lair:2)
  2 crocodiles
  6 killer bees (Lair:4)
  A hound (D:10)
  An orc priest (D:10)
  A bullfrog skeleton (D:10)
  An orc wizard (D:10)
  A worker ant (Lair:2)
  2 worms (Lair:2)
  4 orcs (D:10)
  2 giant cockroaches (Lair:2)
  A plant (Lair:2)
54 creatures vanquished.

Vanquished Creatures (others)
  A scorpion (Ossuary)
  A killer bee (Lair:4)
  A kobold zombie (Ossuary)
  7 fungi
  9 plants
19 creatures vanquished.

Grand Total: 551 creatures vanquished

Notes
Turn   | Place    | Note
-------+----------+-------------------------------------------
     0 | D:1      | Jatast the Deep Dwarf Fighter began the quest for the Orb.
     0 | D:1      | Reached XP level 1. HP: 20/20 MP: 1/1
     0 | D:1      | Noticed a minotaur skeleton
     5 | D:1      | Noticed a minotaur skeleton
    41 | D:1      | Reached skill level 2 in Polearms
   182 | D:1      | Reached XP level 2. HP: 18/27 MP: 2/2
   493 | D:1      | Reached XP level 3. HP: 23/34 MP: 3/3
   498 | D:1      | Reached skill level 3 in Polearms
   798 | D:2      | Found a faded altar of an unknown god.
   898 | D:2      | Found a bloodstained altar of Trog.
   935 | D:2      | Reached XP level 4. HP: 24/42 MP: 4/4
  1422 | D:3      | Noticed a sky beast
  1444 | D:3      | Killed a sky beast
  1444 | D:3      | Reached skill level 4 in Polearms
  1444 | D:3      | Reached XP level 5. HP: 49/50 MP: 4/4
  1987 | D:4      | Reached XP level 6. HP: 35/57 MP: 5/5
  2020 | D:4      | Noticed Grinder
  2045 | D:4      | Killed Grinder
  2045 | D:4      | Reached skill level 5 in Polearms
  2217 | D:4      | Noticed Blork the orc
  2217 | D:4      | Noticed a slave
  2217 | D:4      | Noticed a slave
  2217 | D:4      | Noticed a slave
  2302 | D:3      | Killed a slave
  2320 | D:4      | Killed a slave
  2385 | D:4      | Noticed Pikel
  2386 | D:4      | Noticed a slave
  2437 | D:4      | Killed Pikel
  2437 | D:4      | Reached skill level 5 in Fighting
  2437 | D:4      | Reached skill level 6 in Polearms
  2437 | D:4      | Reached XP level 7. HP: 62/67 MP: 5/5
  2582 | D:5      | Entered Level 5 of the Dungeon
  2594 | D:5      | Reached skill level 7 in Polearms
  2602 | D:5      | Reached XP level 8. HP: 70/75 MP: 6/6
  2790 | D:5      | Found a staircase to the Ecumenical Temple.
  2798 | Temple   | Entered the Ecumenical Temple
  2910 | Temple   | Became a worshipper of Makhleb the Destroyer
  3835 | D:6      | Reached skill level 1 in Invocations
  3902 | D:6      | Reached skill level 8 in Polearms
  3933 | D:6      | Found Tatyd's Assorted Antiques.
  3937 | D:6      | Bought a scroll labeled BIJERE FOS NESI for 25 gold pieces
  3982 | D:6      | Reached * piety under Makhleb
  4050 | D:6      | Gained mutation: You passively map the area around you.
                  | [Deep Dwarf growth]
  4050 | D:6      | Reached XP level 9. HP: 44/82 MP: 8/8
  4065 | D:6      | Reached skill level 5 in Armour
  4071 | D:6      | Reached skill level 5 in Shields
  4538 | D:7      | Found a sand-covered staircase.
  4546 | Ossuary  | Entered an ossuary
  4762 | Ossuary  | Reached ** piety under Makhleb
  4878 | Ossuary  | Reached skill level 9 in Polearms
  5566 | D:7      | Found a sacrificial altar of Ru.
  5808 | D:8      | Noticed Harold
  5860 | D:8      | Killed Harold
  5860 | D:8      | Reached skill level 5 in Invocations
  5860 | D:8      | Reached XP level 10. HP: 76/94 MP: 10/10
  6047 | D:8      | Noticed Prince Ribbit
  6057 | D:8      | Killed Prince Ribbit
  6075 | D:8      | Noticed Grum
  6080 | D:8      | Noticed a two-headed ogre
  6109 | D:8      | Killed a two-headed ogre
  6137 | D:8      | Killed Grum
  6820 | D:9      | Reached *** piety under Makhleb
  6841 | D:9      | Paralysed by a hornet for 2 turns
  6857 | D:9      | Reached skill level 10 in Polearms
  6962 | D:9      | Noticed a tengu warrior
  7001 | D:9      | Killed a tengu warrior
  7422 | D:9      | Found Janwamor's Magic Scroll Shop.
  7425 | D:9      | Bought a scroll of noise for 12 gold pieces
  7524 | D:10     | Entered Level 10 of the Dungeon
  7621 | D:10     | Noticed an unseen horror
  7639 | D:10     | Killed an unseen horror
  7639 | D:10     | Reached XP level 11. HP: 44/103 MP: 13/13
  7723 | D:10     | Found a staircase to the Lair.
  7809 | D:10     | Found a staircase to the Orcish Mines.
  8035 | D:10     | Reached **** piety under Makhleb
  8093 | D:10     | Reached skill level 11 in Polearms
  8305 | D:10     | Identified the Disquisition on Displaced Clay
  8659 | Lair:1   | Entered Level 1 of the Lair of Beasts
  9227 | Lair:1   | Reached XP level 12. HP: 54/112 MP: 13/13
  9295 | Lair:1   | Noticed Erica
  9319 | Lair:1   | Killed Erica
  9469 | Lair:1   | Noticed a six-headed hydra
  9475 | Lair:1   | Killed a six-headed hydra
  9526 | Lair:1   | Noticed a six-headed hydra
  9533 | Lair:1   | Killed a six-headed hydra
  9839 | Lair:2   | Reached skill level 12 in Polearms
  9937 | Lair:2   | Paralysed by a hornet for 2 turns
  9958 | Lair:2   | Found a hole to the Spider Nest.
 10936 | Lair:3   | Noticed a four-headed hydra
 11036 | Lair:3   | Identified a scroll of acquirement
 11570 | Lair:3   | Killed a four-headed hydra
 11780 | Lair:3   | Reached skill level 10 in Shields
 11933 | Lair:4   | Reached skill level 10 in Armour
 11941 | Lair:4   | Found a staircase to the Shoals.
 11982 | Lair:4   | Found a runed translucent gate.
 11983 | Lair:4   | Found a runed translucent gate.
 11984 | Lair:4   | Found a runed translucent gate.
 11985 | Lair:4   | Noticed Yolobob's ghost (journeyman DsGl)
 12228 | Lair:4   | Reached XP level 13. HP: 121/121 MP: 11/11
 12363 | Lair:4   | Reached skill level 13 in Polearms
 12747 | Lair:4   | Reached skill level 10 in Fighting
 13144 | Lair:4   | Killed Yolobob's ghost
 13586 | Lair:5   | Noticed Nessos
 13787 | Lair:5   | Killed Nessos
 14147 | Lair:6   | Entered Level 6 of the Lair of Beasts
 14293 | Lair:6   | Reached ***** piety under Makhleb
 14476 | Lair:6   | Found a viscous altar of Jiyva.
 14478 | Lair:6   | Found a staircase to the Slime Pits.
 14573 | Lair:6   | Reached skill level 14 in Polearms
 14729 | Lair:6   | HP: 6/124 [komodo dragon (16)]
 15220 | Lair:6   | Noticed a dire elephant
 15235 | Lair:6   | Killed a dire elephant
 15235 | Lair:6   | Gained mutation: You resist negative energy. (rN+) [Deep
                  | Dwarf growth]
 15235 | Lair:6   | Reached XP level 14. HP: 97/133 MP: 5/5
 15887 | D:11     | You fall through a shaft for 3 floors!
 16776 | D:12     | Reached skill level 10 in Invocations
 17217 | D:12     | Noticed a storm dragon
 17239 | D:12     | Killed from afar by a storm dragon

Skill      XL: |  1  2  3  4  5  6  7  8  9 10 11 12 13 14 |
---------------+-------------------------------------------+-----
Polearms       | 2 3 4 6 7 8 9 10 11 12 14 | 14.0
Fighting       | 3 4 5 6 7 8 9 10 11 | 11.1
Armour         | 4 6 7 8 10 11 12 | 12.0
Shields        | 4 6 7 8 10 11 12 | 12.0
Invocations    | 2 5 6 8 9 10 | 10.3

Action                   |  1- 3 |  4- 6 |  7- 9 | 10-12 | 13-15 || total
-------------------------+-------+-------+-------+-------+-------++-------
Melee: Trident           |   128 |   221 |   577 |  1220 |  1465 ||  3611
Throw: Javelin           |       |       |       |    34 |     3 ||    37
       Throwing net      |       |       |       |     1 |       ||     1
Invok: Minor Destruction |       |       |       |     5 |       ||     5
       Lesser Servant of |       |       |       |    13 |    19 ||    32
       Major Destruction |       |       |       |       |     6 ||     6
       Greater Servant o |       |       |       |       |     1 ||     1
 Abil: Heal Wounds       |     1 |     4 |     5 |    18 |    31 ||    59
Evoke: Wand              |       |     2 |    16 |     6 |     6 ||    30
  Use: Scroll            |       |    12 |     8 |     5 |     4 ||    29
       Potion            |       |       |       |     4 |     1 ||     5
 Stab: Confused          |       |       |       |     4 |       ||     4
       Distracted        |       |       |       |     9 |     5 ||    14
       Petrified         |       |       |       |       |    13 ||    13
       Paralysed         |       |       |       |       |    13 ||    13
       Petrifying        |       |       |       |       |     1 ||     1
  Eat: Chunk             |       |     5 |    11 |    27 |    15 ||    58
       Ration            |       |       |       |       |     1 ||     1
Armor: Scale mail        |    54 |    24 |       |       |       ||    78
       Chain mail        |       |    47 |   230 |   436 |   436 ||  1149
Dodge: Dodged            |    32 |    38 |    75 |   237 |   235 ||   617
Block: Shield            |    48 |    83 |   227 |   604 |   930 ||  1892
       Reflection        |       |       |       |       |     1 ||     1
